 Dungeon Crawl Stone Soup version 0.22.1-6-g1668fe2 (webtiles) character file.

707 Fang the Chopper (level 7, 0/44 HPs)
             Began as a Gargoyle Berserker on Feb 1, 2019.
             Was a Priest of Trog.
             Slain by an orc (2 damage)
             ... while paralysed
             ... on level 9 of the Dungeon.
             The game lasted 00:03:46 (2853 turns).

Fang the Chopper (Gargoyle Berserker)               Turns: 2853, Time: 00:03:47

Health: 0/44       AC: 10    Str: 22    XL:     7   Next: 67%
Magic:  7/7        EV:  2    Int:  8    God:    Trog [***...]
Gold:   208        SH:  0    Dex:  9    Spells: 6/6 levels left

rFire    . . .     SeeInvis .   a - +0 hand axe
rCold    . . .     Gourm    .   (no shield)
rNeg     + . .     Faith    .   e - +0 ring mail
rPois    ∞         Spirit   .   (no helmet)
rElec    +         Reflect  .   (no cloak)
rCorr    .         Harm     .   (no gloves)
MR       .....                  (no boots)
Stlth    ..........             (no amulet)
HPRegen  0.14/turn              q - ring of attention (curse)
MPRegen  0.10/turn              (no ring)

@: paralysed, berserk cooldown, slowed
A: negative energy resistance 1, electricity resistance, unbreathing,
petrification resistance, rot immunity, AC +4
a: Berserk, Trog's Hand, Renounce Religion


You were on level 9 of the Dungeon.
You worshipped Trog.
Trog was most pleased with you.
You were very hungry.

You visited 1 branch of the dungeon, and saw 5 of its levels.
You also visited: Sewer.

You collected 208 gold pieces.

Inventory:

Hand Weapons
 a - a +0 hand axe (weapon)
Armour
 e - a +0 ring mail (worn)
Jewellery
 q - a cursed ring of attention (left hand)
Wands
 n - a wand of flame (20)
 s - a wand of paralysis (16)
Scrolls
 d - a scroll of teleportation {unknown}
 f - a scroll of enchant armour {unknown}
 j - 5 scrolls of identify {unknown}
 m - 2 scrolls of enchant weapon {unknown}
 o - 2 scrolls of remove curse {unknown}
 p - 3 scrolls of blinking {unknown}
 v - a scroll of fear {unknown}
 w - a scroll of silence {unknown}
Potions
 b - 4 potions of curing {unknown}
 g - 5 potions of flight {unknown}
 h - a potion of ambrosia {unknown}
 i - a potion of berserk rage {unknown}
 k - a potion of brilliance {unknown}
 l - 2 potions of lignification {unknown}
 r - a potion of degeneration {unknown}
 t - a potion of mutation {unknown}
 u - a potion of heal wounds {unknown}
Comestibles
 c - 4 rations
 x - a chunk of flesh


   Skills:
 + Level 4.8 Fighting
 + Level 5.8 Axes
 + Level 4.8 Armour
 + Level 2.6 Dodging
 + Level 0.2 Stealth


You had 6 spell levels left.
You didn't know any spells.
Your spell library was empty.

Dungeon Overview and Level Annotations

Branches:
Dungeon (6/15)                Orc (0/2) D:9
 Temple: D:4-7

Altars:
Ashenzari
Cheibriados
Dithmenos
Sif Muna

Shops:
D:6 [


Innate Abilities, Weirdness & Mutations

You are resistant to torment.
Your stone body is resilient. (AC +4)
You are immune to poison.
You resist negative energy. (rN+)
You are resistant to electric shocks. (rElec)
You can survive without breathing.
You are immune to petrification.
You are immune to rotting.


Message History

You slash the orc warrior!
Unknown command.
You barely miss the orc warrior.
The orc warrior is moderately wounded.
You closely miss the orc. You hit the orc.
You are no longer berserk.
You pass out from exhaustion.
You feel yourself slow down. The orc hits you but does no damage.
The orc hits you but does no damage.
The orc curses loudly.
The orc hits you but does no damage.
The orc warrior hits you with a battleaxe!
* * * LOW HITPOINT WARNING * * *
The orc hits you but does no damage. The orc hits you with a short sword.
* * * LOW HITPOINT WARNING * * *
The orc hits you.
* * * LOW HITPOINT WARNING * * *
The orc warrior completely misses you. The orc hits you but does no damage.
The orc hits you.
You die...

####+####### ##+###
#####........>.#
#...oo##...'..........#
#...oo#..###..........#
#.$ooo@.## #..........+
#...oo### #..........#
#...oo ############
#....o ######


You could see 2 orc warriors, an orc priest and 9 orcs.

Vanquished Creatures
  An orc warrior (D:9)
  An ogre (D:3)
  A big kobold (Sewer)
  2 bullfrogs (D:6)
  A scorpion (D:3)
  A hound (D:3)
  An orc wizard (D:6)
  A worker ant (D:3)
  A worker ant zombie (D:6)
  6 adders (D:3)
  2 river rats (Sewer)
  3 worms (D:2)
  5 leopard geckos
  18 orcs
  3 ball pythons
  10 bats
  A giant cockroach (D:1)
  6 goblins
  6 hobgoblins
  4 jackals
  9 kobolds
  A quokka (D:3)
  4 frilled lizards
  14 rats
102 creatures vanquished.

Notes
Turn   | Place    | Note
-------+----------+-------------------------------------------
     0 | D:1      | Fang the Gargoyle Berserker began the quest for the Orb.
     0 | D:1      | Reached XP level 1. HP: 14/14 MP: 1/1
    90 | D:1      | Reached XP level 2. HP: 18/19 MP: 2/2
   113 | D:1      | Reached skill level 3 in Axes
   279 | D:1      | Reached XP level 3. HP: 18/24 MP: 3/3
   519 | D:2      | Reached ** piety under Trog
  1050 | D:2      | Reached XP level 4. HP: 29/29 MP: 4/4
  1328 | D:3      | Found a snail-covered altar of Cheibriados.
  1333 | D:3      | Noticed an ogre
  1334 | D:3      | Found a shadowy altar of Dithmenos.
  1346 | D:3      | Killed an ogre
  1346 | D:3      | Reached skill level 4 in Axes
  1346 | D:3      | Reached XP level 5. HP: 7/33 MP: 5/5
  1445 | D:3      | Found a shattered altar of Ashenzari.
  1550 | D:3      | Found a glowing drain.
  1606 | D:3      | Reached XP level 6. HP: 18/38 MP: 6/6
  1840 | Sewer    | Entered a sewer
  1847 | Sewer    | Reached *** piety under Trog
  1847 | Sewer    | Reached skill level 5 in Axes
  2266 | Sewer    | Found a glowing silver altar of Zin.
  2440 | D:3      | You fall through a shaft for 3 floors!
  2440 | D:6      | Found Ceviary's Armour Emporium.
  2532 | D:6      | Reached XP level 7. HP: 22/44 MP: 7/7
  2690 | D:6      | Found a deep blue altar of Sif Muna.
  2814 | D:6      | You fall through a shaft for 3 floors!
  2814 | D:9      | Found a staircase to the Orcish Mines.
  2852 | D:9      | HP: 2/44 [orc (2)]
  2853 | D:9      | Slain by an orc

Skill      XL: |  1  2  3  4  5  6 |
---------------+-------------------+-----
Axes           | 3 4 5 |  5.8
Fighting       | 4 |  4.8
Armour         | 3 4 |  4.8
Dodging        | 2 |  2.6
Stealth        | |  0.2

Action                   |  1- 3 |  4- 6 |  7- 9 || total
-------------------------+-------+-------+-------++-------
Melee: Hand axe          |   153 |   209 |    31 ||   393
Invok: Berserk           |       |     3 |     1 ||     4
  Eat: Chunk             |       |     8 |     1 ||     9
Armor: Ring mail         |    97 |   112 |    19 ||   228
Dodge: Dodged            |   108 |   163 |    27 ||   298
